 Dungeon Crawl Stone Soup version 0.27.1-3-gb3d3a73c9e (webtiles) character file.

Game seed: 3217024515290895372

31 Turgor the Grave Robber (level 3, 24/25 HPs)
             Began as a Gnoll Wanderer on Oct 5, 2021.
             Quit the game on level 2 of the Dungeon on Oct 6, 2021.
             The game lasted 00:12:03 (1648 turns).

Turgor the Grave Robber (Gnoll Wanderer)            Turns: 1648, Time: 00:12:03

Health: 24/25      AC:  3    Str: 11    XL:     3   Next: 22%
Magic:  4/4        EV: 11    Int: 14    God:
Gold:   57         SH:  0    Dex:  9    Spells: 2/3 levels left

rFire    . . .     SeeInvis .   c - +0 shortbow
rCold    . . .     Faith    .   (shield currently unavailable)
rNeg     . . .     Spirit   .   h - +0 leather armour
rPois    .         Reflect  .   (no helmet)
rElec    .         Harm     .   (no cloak)
rCorr    .         Rampage  .   (no gloves)
Will     .....                  (no boots)
Stlth    +.........             (no amulet)
HPRegen  0.08/turn              (no ring)
MPRegen  0.09/turn              (no ring)

@: no status effects
A: fangs 1, strong nose, distributed training
a: no special abilities


You were on level 2 of the Dungeon.
You visited 1 branch of the dungeon, and saw 2 of its levels.

You collected 57 gold pieces.

Inventory:

Hand Weapons
 a - a +0 hand crossbow
 c - a +0 shortbow (weapon)
 f - a +0 short sword
Missiles
 b - 44 bolts
 d - 8 arrows (quivered ammo)
 g - 2 curare-tipped darts
Armour
 h - a +0 leather armour (worn)
Scrolls
 e - a scroll of vulnerability {unknown}


   Skills:
 + Level 0.7 Fighting
 + Level 0.7 Short Blades
 + Level 0.7 Long Blades
 + Level 0.7 Axes
 + Level 0.7 Maces & Flails
 + Level 0.7 Polearms
 + Level 0.7 Staves
 + Level 0.7 Slings
 + Level 4.5 Bows
 + Level 0.7 Crossbows
 + Level 2.6 Throwing
 + Level 2.6 Armour
 + Level 0.7 Dodging
 + Level 0.7 Stealth
 + Level 2.6 Shields
 + Level 0.7 Unarmed Combat
 + Level 0.7 Spellcasting
 + Level 0.5 Conjurations
 + Level 0.5 Hexes
 + Level 0.5 Summonings
 + Level 7.1 Necromancy
 + Level 0.5 Translocations
 + Level 0.5 Transmutations
 + Level 2.1 Fire Magic
 + Level 0.5 Ice Magic
 + Level 0.5 Air Magic
 + Level 0.5 Earth Magic
 + Level 0.5 Poison Magic
 + Level 0.9 Invocations
 + Level 0.7 Evocations


You had 2 spell levels left.
You knew the following spells:

 Your Spells              Type           Power      Damage    Failure   Level
a - Animate Skeleton      Necr           40%        N/A       1%          1

Your spell library contained the following spells:

 Spells                   Type           Power      Damage    Failure   Level
 Pain                     Necr           80%        1d8       1%          1
 Vampiric Draining        Necr           10%        2d7       6%          3
 Animate Dead             Necr           10%        N/A       19%         4
 Agony                    Necr           20%        N/A       47%         5


Dungeon Overview and Level Annotations

Branches:
Dungeon (2/15)

Altars:

Annotations:
D:1 Terence


Innate Abilities, Weirdness & Mutations

You have very sharp teeth.
Your uncanny sense of smell can sniff out nearby items.
Your experience applies equally to all skills.


Message History

Terence is nearby!
c - a +0 shortbow (weapon)
Terence shouts!
You shoot an arrow. The arrow barely misses Terence.
You shoot an arrow. The arrow barely misses Terence.
You shoot an arrow. The arrow completely misses Terence.
You shoot an arrow.
The arrow hits Terence but does no damage.
You shoot an arrow. The arrow closely misses Terence.
Terence barely misses you.
You climb upwards.
There is a stone staircase leading down here.
There is a stone staircase leading down here.
Terence hits you with a +0 hand axe.
You climb downwards.
There is a stone staircase leading up here.
You shoot an arrow. The arrow hits the bat.
The bat is moderately wounded.
The bat hits you but does no damage.
You shoot an arrow. The arrow completely misses the bat.
The bat hits you but does no damage.
You shoot an arrow.
The arrow hits the bat but does no damage.
The bat misses you.
f - a +0 short sword (weapon)
The bat closely misses you.
You closely miss the bat. The bat hits you but does no damage.
You closely miss the bat. You bite the bat, but do no damage.
The bat hits you but does no damage. The bat hits you but does no damage.
You barely miss the bat. The bat hits you but does no damage. x2
You hit the bat.
You kill the bat!
c - a +0 shortbow (weapon)
Magic restored.
A dart slug comes into view.
Save game and exit?
Welcome back, Turgor the Gnoll Wanderer.
Press ? for a list of commands and other information.
Are you sure you want to abandon this character and quit the game? (Confirm with "yes".)

#######.#.......#
#.#.#####.# #(#.#
## #...# . #(#.#
.###
#..)#####...w
###(..(....#
##((†..#.#
##@.....#
######.<.#....
#.(.(..#...###
#.####...###
##.## .# .. ##.
..


You could see a dart slug (wandering).

Vanquished Creatures
  A dart slug (D:1)
  2 endoplasms
  2 giant cockroaches (D:1)
  A hobgoblin (D:1)
  6 jackals
  4 kobolds
  2 ball pythons (D:1)
  6 bats
  A frilled lizard (D:1)
  2 rats (D:1)
27 creatures vanquished.

Notes
Turn   | Place    | Note
-------+----------+-------------------------------------------
     0 | D:1      | Turgor the Gnoll Wanderer began the quest for the Orb.
     0 | D:1      | Turgor set off with the following items: a +0 hand
                  | crossbow, 26 bolts, a +0 shortbow, 24 arrows, a +0 robe;
                  | and the following spells available to memorise: Animate
                  | Skeleton, Pain, Vampiric Draining, Animate Dead, Agony
     0 | D:1      | Reached XP level 1. HP: 13/13 MP: 1/1
    29 | D:1      | Found a faded altar of an unknown god.
   466 | D:1      | Reached XP level 2. HP: 9/19 MP: 2/2
   468 | D:1      | Learned a level 1 spell: Animate Skeleton
  1350 | D:2      | Reached XP level 3. HP: 25/25 MP: 3/3
  1383 | D:2      | Noticed Terence
  1648 | D:2      | Quit the game

Illustrated notes

Levels and vault maps discovered:
D:1:      grunt_arrival_crossed_arrows, layout_basic,
          shapermc_ecumenical_altar_gd
D:2:      layout_loops_ring, uniq_terence

Skill      XL: |  1 |
---------------+----+-----
Fire Magic     | 2 |  2.1
Fighting       | |  0.7
Short Blades   | |  0.7
Long Blades    | |  0.7
Axes           | |  0.7
Maces & Flails | |  0.7
Polearms       | |  0.7
Staves         | |  0.7
Slings         | |  0.7
Bows           | |  4.5
Crossbows      | |  0.7
Throwing       | |  2.6
Armour         | |  2.6
Dodging        | |  0.7
Stealth        | |  0.7
Shields        | |  2.6
Unarmed Combat | |  0.7
Spellcasting   | |  0.7
Conjurations   | |  0.5
Hexes          | |  0.5
Summonings     | |  0.5
Necromancy     | |  7.1
Translocations | |  0.5
Transmutations | |  0.5
Ice Magic      | |  0.5
Air Magic      | |  0.5
Earth Magic    | |  0.5
Poison Magic   | |  0.5
Invocations    | |  0.9
Evocations     | |  0.7

Action                   || total
-------------------------++-------
Melee: Unarmed           ||    15
       Short sword       ||    40
       Bite              ||     3
 Fire: Shortbow          ||    60
 Cast: Animate Skeleton  ||     9
Armor: Robe              ||    14
       Leather armour    ||    21
Dodge: Dodged            ||    58
